 Dungeon Crawl Stone Soup version 0.23-a0-389-g4a5eb33 (webtiles) character file.

2528 rabbit the Cleaver (level 9, -1/81 (82) HPs)
             Began as a Minotaur Berserker on Oct 29, 2018.
             Was an Elder of Trog.
             Succumbed to a killer bee's poison
             ... on level 7 of the Dungeon.
             The game lasted 00:16:49 (6070 turns).

rabbit the Cleaver (Minotaur Berserker)             Turns: 6070, Time: 00:16:50

HP:   -1/81 (82)    AC:  9    Str: 25    XL:     9   Next: 29%
MP:   8/8           EV: 10    Int:  4    God:    Trog [****..]
Gold: 352           SH:  3    Dex: 10    Spells: 8/8 levels left

rFire    + . .     SeeInvis .   v - +0 broad axe
rCold    + . .     Gourm    .   s - +0 buckler
rNeg     . . .     Faith    .   r - +1 scale mail
rPois    .         Spirit   .   (helmet restricted)
rElec    .         Reflect  .   A - scarf {rC+ rF+}
rCorr    .         Harm     .   (no gloves)
MR       .....                  (no boots)
Stlth    +.........             (no amulet)
HPRegen  0.23/turn              f - ring of stealth
MPRegen  0.11/turn              (no ring)

@: lethally poisoned (-1 -> -27)
A: retaliatory headbutt, horns 2
a: Berserk, Trog's Hand, Brothers in Arms, Renounce Religion


You were on level 7 of the Dungeon.
You worshipped Trog.
Trog was greatly pleased with you.
You were hungry.

You visited 1 branch of the dungeon, and saw 7 of its levels.

You collected 352 gold pieces.

Inventory:

Hand Weapons
 a - a +2 hand axe of electrocution
 v - a +0 broad axe (weapon)
 x - a +0 flail
 y - a +1 hand axe
 E - a +0 club
Armour
 b - a +0 animal skin
 l - a +0 leather armour of fire resistance
 r - a +1 scale mail (worn)
 s - a +0 buckler (worn)
 A - a scarf of resistance (worn)
Jewellery
 f - a ring of stealth (left hand)
Wands
 n - a wand of paralysis (7)
 u - a wand of enslavement (15)
 B - a wand of disintegration (13)
 D - a wand of iceblast (10)
Scrolls
 e - 3 scrolls of enchant weapon
 h - a scroll of fear
 i - 3 scrolls of remove curse
 j - 3 scrolls of identify
 m - 2 scrolls of magic mapping
 q - 2 scrolls of amnesia
 w - a scroll of enchant armour
 z - a scroll of immolation {unknown}
Potions
 d - 3 potions of curing {unknown}
 g - a potion of resistance {unknown}
 k - 3 potions of haste {unknown}
 o - a potion of heal wounds {unknown}
 p - 2 potions of lignification {unknown}
 t - a potion of flight {unknown}
Comestibles
 c - 10 rations


   Skills:
 + Level 8.4 Fighting
 * Level 11.1 Axes
 + Level 7.9 Armour
 - Level 2.1 Dodging


You had 8 spell levels left.
You didn't know any spells.
Your spell library was empty.

Dungeon Overview and Level Annotations

Branches:
Dungeon (7/15)             Temple (0/1) D:6

Altars:
Ashenzari
Cheibriados
Fedhas
Makhleb
Okawaru
Qazlal
Zin

Shops:
D:4 [   D:7 (

Annotations:
D:5 2 transporters


Innate Abilities, Weirdness & Mutations

You reflexively headbutt those who attack you in melee.
You have a pair of horns on your head.


Message History

* * * LOW HITPOINT WARNING * * *
You feel sick. The killer bee closely misses you. The killer bee misses you.
* * * LOW HITPOINT WARNING * * *
You feel sick.
The killer bee stings you but does no damage.
The killer bee closely misses you. The killer bee completely misses you.
You furiously retaliate!
You headbutt the killer bee!
* * * LOW HITPOINT WARNING * * *
You feel sick.
* * * LOW HITPOINT WARNING * * *
You feel sick. The killer bee completely misses you. The killer bee stings you.
* * * LOW HITPOINT WARNING * * *
You are more poisoned.
The killer bee poisons you!
The crimson imp blinks!
* * * LOW HITPOINT WARNING * * *
You feel sick. The killer bee stings you.
* * * LOW HITPOINT WARNING * * *
You are more poisoned.
The killer bee poisons you! You block the killer bee's attack.
You die...

#.......)..#....#
......†##.o##...# .......
##.##...# ### ......^
#.5....###.# .......
##.#.......# .......
#.y.#..##.##### .......
##y.#..##.....# ....#+#
####y.##.######.#
#.###....@.......#..#
#....∩[.........##.##
#####...........##.#
########...........##.#
...................##.#
...................##.#
...................##.######.
...................##..=.....
.|.........#####+#.##.<.)....


You could see 3 killer bees, an orc priest and a crimson imp.

Vanquished Creatures
  Pikel (D:5)
  2 steam dragons (D:6)
  An ice beast (D:5)
  An orc warrior (D:6)
  A sky beast (D:7)
  A slave (D:5)
  A necrophage (D:4)
  An ogre (D:4)
  2 centaurs (D:5)
  A gnoll sergeant (D:6)
  2 howler monkeys (D:5)
  3 crimson imps
  A jelly (D:7)
  2 bullfrog zombies
  A hound (D:5)
  2 bullfrog skeletons
  2 orc priests (D:7)
  3 iguanas
  Ijyb (D:3)
  3 orc wizards
  6 worker ants
  A killer bee zombie (D:5)
  A hound zombie (D:5)
  Robin (D:3)
  11 gnolls
  3 adders
  3 river rats (D:5)
  A shadow imp (D:7)
  An ooze (D:3)
  An adder skeleton (D:4)
  2 worms (D:4)
  A dart slug (D:1)
  8 leopard geckos
  19 orcs
  5 ball pythons
  10 bats
  12 giant cockroaches
  13 goblins
  11 hobgoblins
  8 jackals
  3 quokkas
  A ball python skeleton (D:5)
  6 frilled lizards
  A jackal zombie (D:7)
  5 kobolds
  A leopard gecko zombie (D:6)
  8 rats
  A fungus (D:6)
176 creatures vanquished.

Vanquished Creatures (others)
  An orc (D:5)
  A jackal skeleton (D:5)
  2 fungi (D:6)
4 creatures vanquished.

Grand Total: 180 creatures vanquished

Notes
Turn   | Place    | Note
-------+----------+-------------------------------------------
     0 | D:1      | rabbit the Minotaur Berserker began the quest for the Orb.
     0 | D:1      | Reached XP level 1. HP: 19/19 MP: 0/0
    48 | D:1      | Reached skill level 4 in Axes
    81 | D:1      | Reached XP level 2. HP: 25/27 MP: 1/1
   217 | D:1      | Reached ** piety under Trog
   245 | D:1      | Reached XP level 3. HP: 16/33 MP: 2/2
   930 | D:2      | Found a faded altar of an unknown god.
   974 | D:2      | Found a blossoming altar of Fedhas.
  1030 | D:2      | Found a snail-covered altar of Cheibriados.
  1178 | D:3      | Noticed Ijyb
  1178 | D:3      | Paralysed by Ijyb for 5 turns
  1190 | D:3      | Killed Ijyb
  1190 | D:3      | Reached skill level 5 in Axes
  1190 | D:3      | Reached XP level 4. HP: 40/40 MP: 3/3
  1320 | D:3      | Noticed Robin
  1337 | D:3      | Killed Robin
  1665 | D:3      | Reached XP level 5. HP: 37/47 MP: 4/4
  2130 | D:4      | Reached *** piety under Trog
  2191 | D:4      | Noticed a necrophage
  2196 | D:4      | Reached skill level 6 in Axes
  2198 | D:4      | Killed a necrophage
  2198 | D:4      | Reached skill level 5 in Fighting
  2198 | D:4      | Reached XP level 6. HP: 20/55 MP: 5/5
  2613 | D:4      | Found Qucvore's Armour Shop.
  3011 | D:5      | Entered Level 5 of the Dungeon
  3095 | D:5      | Reached skill level 7 in Axes
  3111 | D:5      | Found a transporter.
  3111 | D:5      | Noticed a kobold demonologist
  3114 | D:5      | Found a glowing silver altar of Zin.
  3115 | D:5      | Found a transporter.
  3116 | D:5      | Found a stormy altar of Qazlal.
  3125 | D:5      | Noticed a slave
  3139 | D:5      | Reached skill level 5 in Armour
  3139 | D:5      | Reached XP level 7. HP: 25/61 MP: 6/6
  3149 | D:5      | Noticed Pikel
  3422 | D:5      | Reached skill level 8 in Axes
  3563 | D:5      | Killed Pikel
  3563 | D:5      | Reached skill level 9 in Axes
  3563 | D:5      | Reached XP level 8. HP: 40/72 MP: 7/7
  4024 | D:5      | Found a stormy altar of Qazlal.
  4050 | D:5      | Reached **** piety under Trog
  4090 | D:5      | Found a burning altar of Makhleb.
  4092 | D:5      | Noticed a green death
  4695 | D:6      | Found a staircase to the Ecumenical Temple.
  4748 | D:6      | Reached skill level 10 in Axes
  5074 | D:6      | Found a blossoming altar of Fedhas.
  5112 | D:6      | Reached XP level 9. HP: 65/80 MP: 8/8
  5257 | D:6      | Found a shattered altar of Ashenzari.
  5562 | D:6      | Found an iron altar of Okawaru.
  5976 | D:7      | Found Dauv's Weapon Emporium.
  6030 | D:7      | Reached skill level 11 in Axes
  6069 | D:7      | HP: 4/81 [poisoned by a killer bee]
  6070 | D:7      | Succumbed to a killer bee's poison

Vault maps used:
D:1:      minmay_arrival_open_corners, minmay_tromino_i4
D:2:      lemuel_round_altar, lemuel_coloured_pillars_altar,
          chequers_ecumenical_altar_lobes
D:3:      first_ration, uniq_ijyb, uniq_robin
D:4:      serial_shops, shop, kennysheep_dice
D:5:      makhleb_altar_promises_db, gammafunk_temple_overflow_arena,
          portal_sewer_entry_e, minmay_ruined_shrine, uniq_pikel
D:6:      kennysheep_steamy, evilmike_ruin_ashenzari, okawaru_altar_gauntlet_db,
          temple_pool_b, basic_altar
D:7:      serial_shops, shop

Skill      XL: |  1  2  3  4  5  6  7  8  9 |
---------------+----------------------------+-----
Axes           | 4 5 6 7 9 10 11 | 11.1
Fighting       | 4 5 7 8 |  8.4
Armour         | 3 4 5 6 7 |  7.9
Dodging        | |  2.1

Action                   |  1- 3 |  4- 6 |  7- 9 || total
-------------------------+-------+-------+-------++-------
Melee: Hand axe          |    78 |    45 |       ||   123
       Headbutt          |    12 |    23 |    47 ||    82
       Broad axe         |       |    61 |   204 ||   265
Invok: Berserk           |     1 |     1 |     2 ||     4
  Use: Scroll            |     2 |     8 |     1 ||    11
 Stab: Distracted        |     1 |       |       ||     1
  Eat: Chunk             |       |     6 |     7 ||    13
       Ration            |       |     1 |     1 ||     2
Armor: Animal skin       |    16 |       |       ||    16
       Leather armour    |     2 |     9 |       ||    11
       Scale mail        |       |    32 |    97 ||   129
Dodge: Dodged            |    60 |    65 |   132 ||   257
Block: Buckler           |       |     9 |    29 ||    38

Table legend:
 A = Non-vault XP
 B = Vault XP
 C = Vault XP percentage of total XP
 D = Non-vault monster count
 E = Vault monster count
 F = Vault count percentage of total count
                 A         B        C        D         E       F
            +---------+---------+-------+---------+---------+-------
      Total |    2122 |    1490 |  41.3 |     135 |      39 |  22.4
            +---------+---------+-------+---------+---------+-------
        D:1 |      52 |       5 |   8.8 |      31 |       3 |   8.8
        D:2 |      11 |       0 |   0.0 |       5 |       0 |   0.0
        D:3 |      67 |      69 |  50.7 |       8 |      11 |  57.9
        D:4 |     281 |     111 |  28.3 |      21 |       2 |   8.7
        D:5 |     718 |     914 |  56.0 |      28 |      15 |  34.9
        D:6 |     502 |     391 |  43.8 |      22 |       8 |  26.7
        D:7 |     491 |       0 |   0.0 |      20 |       0 |   0.0
            +---------+---------+-------+---------+---------+-------
